Map: Blackburn LE

Players

TriGGeR - Winner!

  • Race: Protoss Protoss
  • League: Grandmaster

PiLiPiLi

  • Race: Protoss Protoss
  • League: Grandmaster

Event: DreamHack SC2 Masters 2021 Summer

VOD

Have the link to the VOD?

Description

Time

  • Played on: June 3, 2021, 5:10 p.m.
  • Length: 14:36

All games in this series

Show
View Real Time Build Order
Export as new Build Order

TriGGeR Protoss - Winner!

Build Orders: 1 Gate Expand, Proxy Void Ray 

Get SALT Encoding   

  12  0:00  Probe  
  13  0:12  Probe  
  14  0:19  Pylon  
  14  0:24  Probe  
  15  0:37  Probe (Chrono Boost)  
  15  0:41  Gateway  
  16  0:47  Probe (Chrono Boost)  
  16  0:48  Assimilator  
  17  0:52  Probe (Chrono Boost)  
  18  1:04  Probe (Chrono Boost)  
  19  1:05  Assimilator  
  19  1:14  Probe (Chrono Boost)  
  20  1:19  Probe (Chrono Boost)  
  21  1:30  Probe  
  22  1:37  Nexus  
  22  1:44  Cybernetics Core  
  22  1:48  Probe  
  23  1:55  Pylon  
  23  2:13  Probe  
  24  2:20  Stalker (Chrono Boost)  
  24  2:21  Warp Gate  
  26  2:25  Probe, Stargate  
  27  2:37  Probe  
  28  2:46  Stalker (Chrono Boost)  
  29  2:52  Shield Battery  
  29  2:55  Probe (Chrono Boost)  
  31  3:00  Probe (Chrono Boost)  
  31  3:03  Void Ray (Chrono Boost)  
  32  3:05  Probe (Chrono Boost)  
  32  3:09  Probe (Chrono Boost)  
  32  3:12  Shield Battery  
  37  3:15  Probe  
  38  3:23  Probe  
  39  3:27  Probe  
  39  3:30  Gateway  
  37  3:35  Probe  
  35  3:42  Void Ray (Chrono Boost)  
  38  3:58  Probe x2  
  38  4:01  Pylon  
  40  4:14  Probe  
  40  4:16  Probe  
  42  4:26  Probe  
  42  4:29  Probe  
  42  4:30  Shield Battery  
  44  4:31  Zealot, Shield Battery  
  46  4:38  Stalker  
  46  4:42  Probe  
  49  4:48  Probe  
  50  4:54  Probe  
  50  4:55  Shield Battery  
  51  5:00  Stalker  
  51  5:01  Probe  
  51  5:07  Probe  
  53  5:09  Shield Battery  
  53  5:11  Pylon  
  53  5:17  Probe, Shield Battery  
  54  5:22  Pylon  
  54  5:27  Shield Battery  
  54  5:30  Probe, Shield Battery  
  54  5:31  Stalker x2  
  55  5:37  Probe  
  55  5:42  Probe  
  49  5:57  Probe, Shield Battery, Stalker  
  51  6:02  Stalker  
  51  6:04  Probe  
  55  6:09  Probe  
  56  6:11  Assimilator  
  56  6:17  Probe  
  57  6:23  Probe  
  58  6:27  Twilight Council  
  58  6:28  Stalker, Forge  
  60  6:35  Stalker  
  56  6:40  Probe x2  
  56  6:46  Gateway  
  58  6:52  Probe  
  59  6:58  Stalker  
  59  6:59  Blink (Chrono Boost)  
  59  7:01  Protoss Ground Weapons Level 1 (Chrono Boost)  
  61  7:02  Pylon  
  61  7:10  Photon Cannon  
  61  7:15  Probe  
  62  7:24  Stalker  
  62  7:25  Stalker  
  60  7:46  Stalker  
  60  7:48  Stalker x2  
  62  7:54  Probe x2, Gateway, Assimilator  
  57  8:08  Pylon  
  57  8:09  Stalker  
  57  8:11  Stalker x2  
  63  8:24  Pylon  
  63  8:25  Shield Battery  
  63  8:32  Stalker  
  65  8:35  Pylon, Stalker x2  
  69  8:51  Stalker  
  71  8:58  Stalker x2  
  71  8:59  Stalker  
  73  9:18  Stalker  
  73  9:25  Stalker x3  
  79  9:34  Robotics Facility  
  75  9:50  Stalker x4  
  81  9:54  Nexus  
  81  9:58  Protoss Ground Weapons Level 2 (Chrono Boost)  
  81  10:00  Pylon  
  81  10:03  Pylon  
  81  10:06  Probe x2  
  83  10:16  Stalker x3  
  83  10:18  Probe  
  83  10:20  Probe  
  91  10:23  Observer  
  92  10:29  Stalker  
  92  10:30  Probe  
  91  10:40  Stalker x3  
  91  10:41  Probe (Chrono Boost)  
  99  10:46  Probe (Chrono Boost), Warp Prism  
  99  10:55  Sentry  
  103  10:59  Probe (Chrono Boost)  
  102  11:09  Probe  
  93  11:12  Stalker x2  
  91  11:24  Probe x2, Stalker  
  91  11:25  Stalker  
  75  11:48  Stalker x4  
  78  11:54  Probe x2  
  78  11:55  Immortal (Chrono Boost)  
  78  11:59  Gateway  
  78  12:01  Gateway  
  83  12:03  Photon Cannon  
  83  12:07  Dark Shrine  
  83  12:13  Assimilator  
  83  12:15  Stalker  
  85  12:17  Stalker  
  85  12:20  Stalker  
  89  12:23  Stalker  
  89  12:29  Observer  
  92  12:37  Stalker  
  92  12:38  Stalker  
  92  12:42  Stalker  
  92  12:43  Stalker  
  100  13:02  Stalker x5  
  110  13:12  Observer  
  109  13:36  Nexus  
  109  13:40  Pylon  
  109  13:41  Pylon  
  109  13:51  Nexus  
  109  14:04  Dark Templar x4  
  117  14:10  Dark Templar  
  115  14:27  Photon Cannon, Pylon  
Show
View Real Time Build Order
Export as new Build Order

PiLiPiLi Protoss 

Build Orders: Oracle Opening 

Get SALT Encoding   

  12  0:00  Probe  
  13  0:12  Probe  
  14  0:19  Pylon  
  14  0:24  Probe  
  15  0:37  Probe (Chrono Boost)  
  15  0:38  Gateway  
  16  0:46  Probe (Chrono Boost), Assimilator  
  17  0:51  Probe (Chrono Boost)  
  17  0:55  Assimilator  
  18  1:03  Probe (Chrono Boost)  
  19  1:11  Gateway  
  19  1:13  Probe (Chrono Boost)  
  19  1:18  Probe (Chrono Boost)  
  21  1:29  Cybernetics Core  
  21  1:30  Probe  
  22  1:40  Pylon  
  22  1:43  Probe  
  23  1:58  Probe  
  24  2:05  Stargate  
  24  2:09  Stalker  
  24  2:11  Warp Gate  
  26  2:17  Stalker  
  26  2:22  Probe  
  29  2:30  Pylon  
  29  2:34  Probe  
  30  2:46  Probe  
  30  2:48  Oracle (Chrono Boost)  
  33  3:08  Nexus  
  33  3:12  Probe  
  34  3:21  Pylon  
  34  3:22  Oracle (Chrono Boost)  
  37  3:29  Probe  
  38  3:41  Probe  
  36  3:48  Shield Battery  
  36  3:50  Void Ray (Chrono Boost)  
  36  3:53  Probe  
  41  4:03  Stalker  
  41  4:05  Probe  
  44  4:12  Stalker  
  45  4:17  Probe  
  46  4:28  Stalker  
  46  4:29  Probe x2  
  50  4:43  Stalker  
  52  4:45  Shield Battery  
  52  4:53  Shield Battery  
  52  4:54  Stalker  
  53  5:04  Gateway  
  53  5:06  Gateway  
  51  5:15  Void Ray (Chrono Boost)  
  51  5:16  Stalker  
  51  5:20  Stalker  
  51  5:44  Void Ray  
  51  5:48  Stalker  
  51  5:54  Stalker  
  51  5:56  Probe x2  
  58  6:08  Probe  
  59  6:12  Stalker  
  59  6:15  Stalker  
  59  6:16  Pylon  
  59  6:17  Probe  
  62  6:34  Probe x2  
  64  6:40  Stalker x2  
  64  6:46  Probe x2  
  70  7:00  Pylon  
  70  7:03  Pylon  
  70  7:12  Void Ray  
  70  7:18  Probe  
  70  7:20  Stalker  
  70  7:21  Pylon, Stalker  
  79  7:22  Pylon  
  79  7:23  Zealot x2  
  80  7:32  Pylon  
  70  7:45  Zealot, Stalker x3  
  78  7:52  Shield Battery  
  78  7:53  Shield Battery  
  70  8:01  Probe x2  
  70  8:03  Assimilator  
  70  8:06  Shield Battery  
  70  8:09  Twilight Council  
  70  8:24  Adept x2  
  74  8:32  Nexus  
  74  8:35  Pylon  
  74  8:45  Blink (Chrono Boost)  
  74  8:53  Forge  
  70  9:06  Probe  
  70  9:08  Shield Battery  
  70  9:14  Stalker  
  70  9:15  Stalker x2  
  70  9:16  Probe  
  75  9:25  Protoss Ground Weapons Level 1 (Chrono Boost)  
  75  9:33  Photon Cannon  
  75  9:34  Photon Cannon  
  65  9:46  Stalker  
  65  9:47  Stalker x3  
  65  9:49  Probe  
  70  9:55  Probe  
  67  10:10  Gateway  
  67  10:11  Gateway, Stalker  
  67  10:16  Stalker  
  67  10:20  Stalker  
  71  10:23  Probe x2  
  71  10:24  Probe  
  68  10:37  Probe  
  68  10:40  Probe  
  68  10:41  Stalker  
  68  10:42  Stalker  
  74  10:47  Stalker  
  76  10:58  Stalker  
  78  11:06  Stalker  
  78  11:07  Stalker  
  67  11:24  Stalker  
  67  11:25  Stalker x3  
  61  11:31  Stalker  
  60  11:36  Stalker  
  50  11:52  Stalker x2  
  48  12:00  Shield Battery  
  48  12:06  Stalker  
  50  12:12  Stalker  
  52  12:16  Stalker  
  52  12:21  Stalker  
  56  12:28  Stalker  
  58  12:30  Probe  
  58  12:31  Probe x2  
  61  12:38  Assimilator  
  61  12:40  Assimilator  
  61  12:43  Probe (Chrono Boost)  
  62  12:46  Probe (Chrono Boost)  
  62  12:48  Probe (Chrono Boost)  
  64  12:55  Probe (Chrono Boost)  
  65  12:59  Stalker  
  65  13:08  Zealot x4  
  67  13:24  Stalker x2  
  69  13:34  Stalker  
  69  13:35  Stalker  
  73  13:44  Stalker x2  
  77  13:55  Pylon  
  77  13:56  Pylon  
  77  14:17  Nexus  
  67  14:26  Stalker  
  67  14:27  Stalker x3  
Tags
 
Add a new tag
Caveats
  • Supply blocks, unpowered buildings, or Contaminate may cause inaccurate times.
  • Supply counts are checked every 10 seconds.